 Dungeon Crawl Stone Soup version 0.29.1-2-gbd0b4ee654 (webtiles) character file.

Game seed: 9901051473555911479

75 Ackmard the Magician (level 4, 0/31 HPs)
             Began as a Djinni Hedge Wizard on Nov 11, 2022.
             Slain by a lemure (8 damage)
             ... led by Pikel
             ... on level 3 of the Dungeon.
             The game lasted 00:10:05 (1640 turns).

Ackmard the Magician (Djinni Hedge Wizard)          Turns: 1640, Time: 00:10:05

Health: 0/31       AC:  2    Str: 11    XL:     4   Next: 55%
Gold:   41         EV: 12    Int: 15    God:
                   SH:  0    Dex: 13

rFire   + + .      SeeInvis .   (no weapon)
rCold   x . .      Faith    .   (no shield)
rNeg    . . .      Spirit   .   b - +0 robe
rPois   ∞          Reflect  .   c - +0 hat
rElec   .          Harm     .   (no cloak)
rCorr   .          Rampage  .   (no gloves)
Will    .....                   (boots unavailable)
Stlth   ++........              e - amulet of regeneration
HPRegen 0.90/turn               (no ring)
MPRegen 0.00/turn               (no ring)

@: flying
A: sickness immunity, fire resistance 2, cold vulnerability 1, float, innate
caster, HP casting, extra vitality 1
a: no special abilities


You were on level 3 of the Dungeon.
You visited 1 branch of the dungeon, and saw 4 of its levels.

You collected 41 gold pieces.

Inventory:

Armour
 b - a +0 robe (worn)
 c - a +0 hat (worn)
Jewellery
 e - an amulet of regeneration (around neck)
Scrolls
 a - 4 scrolls of teleportation {unknown}
 d - 3 scrolls of identify {unknown}
 f - a scroll of brand weapon {unknown}
 g - 2 scrolls of blinking {unknown}
 k - 2 scrolls of fog {unknown}
Potions
 h - a potion of resistance {unknown}
 i - a potion of brilliance {unknown}
 j - a potion of cancellation {unknown}


   Skills:
 * Level 2.6 Dodging
 * Level 1.9 Stealth
 * Level 3.6 Spellcasting


You couldn't memorise any spells.
You knew the following spells:

 Your Spells              Type           Power      Damage    Failure   Level
a - Magic Dart            Conj           52%        1d5       4%          1
b - Blink                 Tloc           26%        N/A       6%          2
c - Call Imp              Summ           13%        N/A       6%          2
d - Slow                  Hex            52%        N/A       4%          1
e - Conjure Flame         Conj/Fire      13%        6-21      13%         3
f - Mephitic Cloud        Conj/Pois/Air  13%        N/A       13%         3
g - Sandblast             Erth           26%        2d8       4%          1
Your spell library was empty.

Dungeon Overview and Level Annotations

Branches:
Dungeon (4/15)
 Temple: D:4-7

Altars:
Gozag
Zin

Annotations:
D:4 Eustachio, Pikel


Innate Abilities, Weirdness & Mutations

You are immune to sickness and miasma.
You are immune to poison.
Your flesh is very heat resistant. (rF++)
You are vulnerable to cold. (rC-)
You float through the air rather than walking.
You learn spells naturally, not from books.
Your magical power is your life essence.
You have superior vitality. (+4 MHP)


Message History

You blink.
The kobold hits you with a +0 short sword.
There are monsters nearby!
Casting: Blink (safe; 6% risk of failure)
Confirm with . or Enter, or press ? or * to list all spells.
Aiming: Sandblast (safe; 4% risk of failure)
Press: ? - help, Shift-Dir - straight line, f - kobold, p - quokka
Aim: a kobold, wielding a +0 short sword (77% to hit)
The blast of sand hits the kobold!
You kill the kobold!
The quokka closely misses you.
Casting: Sandblast (safe; 4% risk of failure)
Confirm with . or Enter, or press ? or * to list all spells.
Aiming: Sandblast (safe; 4% risk of failure)
Press: ? - help, Shift-Dir - straight line, f - quokka
Aim: a quokka (moderately wounded, 75% to hit)
The blast of sand hits the quokka!
You kill the quokka!
You feel stable enough to blink again. The lemure hits you but does no damage.
Your magical contamination has completely faded away.
Casting: Sandblast (safe; 4% risk of failure)
Confirm with . or Enter, or press ? or * to list all spells.
Aiming: Sandblast (safe; 4% risk of failure)
Press: ? - help, Shift-Dir - straight line, f - lemure
Aim: a lemure (lightly wounded, 77% to hit)
The blast of sand hits the lemure but does no damage.
The lemure is lightly wounded.
The lemure misses you.
Casting: Sandblast (safe; 4% risk of failure)
Confirm with . or Enter, or press ? or * to list all spells.
Aiming: Sandblast (safe; 4% risk of failure)
Press: ? - help, Shift-Dir - straight line, f/p - lemure
Aim: a lemure (lightly wounded, 77% to hit)
The blast of sand hits the lemure but does no damage.
The lemure is lightly wounded.
The lemure hits you.
* * * LOW HITPOINT WARNING * * *
The lemure hits you!
You die...

######...####
#...# ###.#
#.# ###.###
#.....#
#.....#
#..5..#
#..@..#
#.....#
#######


You could see a lemure.

Vanquished Creatures
  2 adders
  A worm (D:4)
  6 endoplasms
  2 giant cockroaches (D:1)
  8 goblins
  5 hobgoblins
  4 jackals
  A quokka (D:3)
  8 ball pythons
  3 bats
  A frilled lizard (D:2)
  5 kobolds
  2 rats (D:1)
48 creatures vanquished.

Vanquished Creatures (others)
  A demonic plant (D:1)
  A fungus (D:1)
  2 plants (D:1)
4 creatures vanquished.

Grand Total: 52 creatures vanquished

Notes
Turn   | Place    | Note
-------+----------+-------------------------------------------
     0 | D:1      | Ackmard the Djinni Hedge Wizard began the quest for the
                  | Orb.
     0 | D:1      | Ackmard set off with the following spells memorised: Magic
                  | Dart, Blink, Call Imp, Slow, Conjure Flame, Mephitic Cloud.
     0 | D:1      | Reached XP level 1. HP: 15/15 MP: 0/0
   292 | D:1      | Reached XP level 2. HP: 19/21 MP: 0/0
   423 | D:1      | Found a faded altar of an unknown god.
   827 | D:1      | Reached skill level 3 in Spellcasting
   845 | D:1      | Reached XP level 3. HP: 24/25 MP: 0/0
   845 | D:1      | Learned a level 1 spell: Sandblast
  1405 | D:2      | Reached XP level 4. HP: 31/31 MP: 0/0
  1415 | D:2      | You are sucked into a shaft and drop 2 floors!
  1529 | D:4      | Noticed Eustachio
  1590 | D:4      | Found an opulent altar of Gozag.
  1590 | D:4      | Found a glowing silver altar of Zin.
  1590 | D:4      | Noticed a lemure
  1590 | D:4      | Noticed a lemure
  1590 | D:4      | Noticed a lemure
  1590 | D:4      | Noticed Pikel
  1590 | D:4      | Noticed a lemure
  1640 | D:3      | Slain by a lemure

Illustrated notes

Levels and vault maps discovered:
D:1:      kennysheep_arrival_forest, layout_basic, shapermc_ecumenical_altar_gd,
          minmay_misc_feat_ornament, minmay_misc_feat_chi,
          minmay_close_crescents
D:2:      layout_basic, basic_altar
D:3:      layout_loops_cross
D:4:      layout_basic, grunt_temple_overflow_gold_and_silver,
          ebering_ghost_sewer_d, minmay_misc_feat_x, minmay_shop_damaged,
          uniq_crazy_yiuf_cottage, uniq_eustachio, uniq_pikel

Skill      XL: |  1  2 |
---------------+-------+-----
Spellcasting   | 3 |  3.6
Dodging        | |  2.6
Stealth        | |  1.9

Action                   |  1- 3 |  4- 6 || total
-------------------------+-------+-------++-------
Melee: Unarmed           |     1 |       ||     1
 Cast: Magic Dart        |    78 |    41 ||   119
       Sandblast         |       |     4 ||     4
       Blink             |       |     2 ||     2
Armor: Robe              |     1 |     6 ||     7
Dodge: Dodged            |     4 |    30 ||    34
